 Dungeon Crawl Stone Soup version 0.31.0-11-ge490571c62 (webtiles) character file.

Game seed: 114387587618406663

751 Ashen the Sneak (level 7, -1/51 HPs)
             Began as a Gnoll Enchanter on Feb 4, 2024.
             Slain by a sleepcap (4 damage)
             ... on level 6 of the Dungeon.
             The game lasted 00:12:04 (6433 turns).

Ashen the Sneak (Gnoll Enchanter)                   Turns: 6433, Time: 00:12:05

Health: -1/51      AC:  3    Str:  8    XL:     7   Next: 78%
Magic:  8/15       EV: 14    Int: 14    God:
Gold:   317        SH:  0    Dex: 14    Spells: 15/17 levels left

rFire   . . .        a - +1 dagger
rCold   . . .        (no shield)
rNeg    . . .        b - +0 robe
rPois   .            (no helmet)
rElec   .            k - scarf {+Inv}
rCorr   .            q - +0 pair of gloves
SInv    +            (no boots)
Will    .....        (no amulet)
Stlth   +++          p - ring of see invisible
HPRegen 0.28/turn    (no ring)
MPRegen 0.14/turn

%: no passive effects
@: lethally poisoned (-1 -> -2), attractive, hasted, very quick
A: fangs 1, strong nose, distributed training
a: Evoke Invisibility


You were on level 6 of the Dungeon.
You visited 1 branch of the dungeon, and saw 6 of its levels.

You collected 317 gold pieces.

Inventory:

Hand Weapons
 a - a +1 dagger (weapon)
Missiles
 j - 12 poisoned darts (quivered)
Armour
 b - a +0 robe (worn)
 k - a scarf of invisibility (worn)
 q - a +0 pair of gloves (worn)
Jewellery
 p - a ring of see invisible (left hand)
 s - a ring of flight
 v - a ring of protection from cold
Scrolls
 d - 7 scrolls of identify {unknown}
 e - a scroll of poison {unknown}
 l - 2 scrolls of enchant weapon {unknown}
 m - a scroll of teleportation {unknown}
 o - a scroll of butterflies {unknown}
 t - a scroll of amnesia {unknown}
 w - a scroll of revelation {unknown}
Potions
 c - a potion of invisibility
 f - 2 potions of attraction
 g - a potion of haste
 h - 4 potions of curing {unknown}
 i - 3 potions of brilliance {unknown}
 n - a potion of heal wounds {unknown}
 r - a potion of might {unknown}
 u - a potion of ambrosia {unknown}


   Skills:
 + Level 2.8 Fighting
 + Level 3.9 Short Blades
 + Level 2.8 Long Blades
 + Level 2.8 Axes
 + Level 2.8 Maces & Flails
 + Level 2.8 Polearms
 + Level 2.8 Staves
 + Level 2.8 Ranged Weapons
 + Level 2.8 Throwing
 + Level 2.8 Armour
 + Level 5.4 Dodging
 + Level 6.6 Stealth
 + Level 2.8 Shields
 + Level 2.8 Unarmed Combat
 + Level 5.8 Spellcasting
 + Level 2.3 Conjurations
 + Level 5.9 Hexes
 + Level 2.3 Summonings
 + Level 2.3 Necromancy
 + Level 2.3 Translocations
 + Level 2.3 Fire Magic
 + Level 2.3 Ice Magic
 + Level 2.3 Air Magic
 + Level 2.3 Earth Magic
 + Level 2.3 Alchemy
 + Level 3.1 Invocations
 + Level 2.8 Evocations
 + Level 2.5 Shapeshifting


You had 15 spell levels left.
You knew the following spells:

 Your Spells              Type           Power      Damage    Failure   Level
a - Ensorcelled Hibernat  Hex/Ice        30%        N/A       4%          2

Your spell library contained the following spells:

 Spells                   Type           Power      Damage    Failure   Level
 Confusing Touch          Hex            20%        N/A       4%          3
 Tukima's Dance           Hex            20%        N/A       4%          3
 Magic Dart               Conj           40%        1d5       6%          1
 Summon Small Mammal      Summ           40%        N/A       6%          1
 Dazzling Flash           Conj/Hex       30%        N/A       9%          3
 Blink                    Tloc           20%        N/A       10%         2
 Call Imp                 Summ           20%        N/A       10%         2
 Call Canine Familiar     Summ           10%        N/A       19%         3
 Passage of Golubria      Tloc           10%        N/A       52%         4
 Summon Blazeheart Golem  Fire/Summ      10%        N/A       52%         4
 Yara's Violent Unravell  Hex/Alch       7%         3d5       63%         5


Dungeon Overview and Level Annotations

Branches:
Dungeon (6/15)
 Temple: D:4-7

Altars:
Okawaru
Ru
Xom
The Shining One

Annotations:
D:2 1 runed translucent door, Crazy Yiuf


Innate Abilities, Weirdness & Mutations

You have very sharp teeth.
Your uncanny sense of smell can sniff out nearby items.
Your experience applies equally to all skills.


Message History

You feel very sick. The water moccasin bites you!
Casting: Ensorcelled Hibernation (safe; 4% risk of failure)
Confirm with . or Enter, or press ? or * to list all spells.
Aiming: Ensorcelled Hibernation (safe; 4% risk of failure)
Press: ? - help, Shift-Dir - straight line, f/p - water moccasin
Aim: a water moccasin (chance to affect: 49%)
The water moccasin looks drowsy...
You feel sick.
The helpless water moccasin fails to defend itself.
You stick the water moccasin like a pincushion!!!
You kill the water moccasin!
You feel sick. The adder bites you.
Your Invocations skill increases to level 3!
Unknown command.
Casting: Ensorcelled Hibernation (safe; 4% risk of failure)
Confirm with . or Enter, or press ? or * to list all spells.
Aiming: Ensorcelled Hibernation (safe; 4% risk of failure)
Press: ? - help, Shift-Dir - straight line, f - adder
Aim: an adder (chance to affect: 57%)
The adder looks drowsy...
You feel sick. The sleepcap misses you.
The helpless adder fails to defend itself.
You impale the adder!!
You kill the adder!
You feel sick. The sleepcap releases spores at you.
You are engulfed in a cloud of soporific spores!
You fall asleep.
You feel sick. The sleepcap releases spores at you!!
You wake up.
* * * LOW HITPOINT WARNING * * *
You are engulfed in a cloud of soporific spores!
You are unaffected.
Casting: Ensorcelled Hibernation (safe; 4% risk of failure)
Confirm with . or Enter, or press ? or * to list all spells.
You don't know that spell.
It was a potion of attraction.
You feel attractive to monsters.
You feel sick. The sleepcap releases spores at you.
* * * LOW HITPOINT WARNING * * *
It was a potion of haste.
You feel yourself speed up.
You feel sick. The sleepcap releases spores at you.
You die...

...... ......
......# <.....
.......##......
...............
...............
.............
..........#
#......@f.#
#.........#
#......<..#
..........#
......#...#
..#..###..#
..... ... .##..
.##. .. .# ..


You could see a sleepcap.

Vanquished Creatures
  Sigmund (D:2)
  A water moccasin (D:6)
  A scorpion (D:5)
  A howler monkey (D:5)
  A bombardier beetle (D:4)
  An orc priest (D:4)
  A gnoll bouda (D:3)
  2 iguanas (D:5)
  9 adders
  5 gnolls
  3 dart slugs
  3 ribbon worms
  13 orcs
  5 endoplasms
  5 giant cockroaches
  3 goblins
  8 hobgoblins
  6 jackals
  4 quokkas
  8 ball pythons
  8 bats
  8 kobolds
  6 rats
103 creatures vanquished.

Notes
Turn   | Place    | Note
-------+----------+-------------------------------------------
     0 | D:1      | Ashen the Gnoll Enchanter began the quest for the Orb.
     0 | D:1      | Reached XP level 1. HP: 13/13 MP: 6/6
   209 | D:1      | Reached XP level 2. HP: 19/19 MP: 7/7
   258 | D:1      | Learned a level 2 spell: Ensorcelled Hibernation
  1129 | D:2      | Reached skill level 5 in Spellcasting
  1129 | D:2      | Reached XP level 3. HP: 22/25 MP: 1/9
  1213 | D:2      | Reached skill level 6 in Stealth
  1213 | D:2      | Reached skill level 1 in Invocations
  1394 | D:2      | Reached skill level 1 in Fighting
  1394 | D:2      | Reached skill level 1 in Long Blades
  1394 | D:2      | Reached skill level 1 in Axes
  1394 | D:2      | Reached skill level 1 in Maces & Flails
  1394 | D:2      | Reached skill level 1 in Polearms
  1394 | D:2      | Reached skill level 1 in Staves
  1394 | D:2      | Reached skill level 1 in Ranged Weapons
  1394 | D:2      | Reached skill level 1 in Throwing
  1394 | D:2      | Reached skill level 1 in Armour
  1394 | D:2      | Reached skill level 1 in Shields
  1394 | D:2      | Reached skill level 1 in Unarmed Combat
  1394 | D:2      | Reached skill level 1 in Evocations
  1397 | D:2      | Noticed Sigmund
  1405 | D:2      | Killed Sigmund
  1406 | D:2      | Reached skill level 1 in Conjurations
  1406 | D:2      | Reached skill level 1 in Summonings
  1406 | D:2      | Reached skill level 1 in Necromancy
  1406 | D:2      | Reached skill level 1 in Translocations
  1406 | D:2      | Reached skill level 1 in Fire Magic
  1406 | D:2      | Reached skill level 1 in Ice Magic
  1406 | D:2      | Reached skill level 1 in Air Magic
  1406 | D:2      | Reached skill level 1 in Earth Magic
  1406 | D:2      | Reached skill level 1 in Alchemy
  1406 | D:2      | Reached skill level 1 in Shapeshifting
  1406 | D:2      | Reached XP level 4. HP: 6/33 MP: 0/11
  1406 | D:2      | Reached XP level 5. HP: 7/38 MP: 0/12
  1406 | D:2      | HP: 1/38 [goblin/sling bullet (6)]
  1895 | D:2      | Found a runed translucent door.
  1896 | D:2      | Noticed Crazy Yiuf
  2452 | D:3      | Found a shimmering altar of Xom.
  2468 | D:2      | Reached XP level 6. HP: 39/44 MP: 7/13
  3393 | D:3      | Reached skill level 5 in Dodging
  3844 | D:4      | Found a sacrificial altar of Ru.
  4740 | D:4      | Reached XP level 7. HP: 50/50 MP: 12/15
  5130 | D:4      | Found a glowing golden altar of the Shining One.
  5165 | D:4      | Found an iron altar of Okawaru.
  5206 | D:5      | Entered Level 5 of the Dungeon
  6433 | D:6      | Slain by a sleepcap

Illustrated notes

Levels and vault maps discovered:
D:1:      sevenhm_arrival_forest_fort_large_4, layout_loops_ring,
          minmay_small_reverse_x
D:2:      minmay_inner_zag, layout_basic, uniq_sigmund, uniq_crazy_yiuf_cottage
D:3:      layout_loops_ring, xom_butterflies, minmay_parallelograms
D:4:      layout_loops_ring, jmf_multi_god_temple2, nicolae_ru_awakened_eye,
          st_stairs_13, chequers_serial_rivers_micro_a
D:5:      layout_layer_cave
D:6:      layout_cave_pools

Skill      XL: |  1  2  3  4  5  6  7 |
---------------+----------------------+-----
Spellcasting   | 5 |  5.8
Stealth        | 6 |  6.6
Invocations    | 2 3 |  3.1
Fighting       | 1 2 |  2.8
Long Blades    | 1 2 |  2.8
Axes           | 1 2 |  2.8
Maces & Flails | 1 2 |  2.8
Polearms       | 1 2 |  2.8
Staves         | 1 2 |  2.8
Ranged Weapons | 1 2 |  2.8
Throwing       | 1 2 |  2.8
Armour         | 1 2 |  2.8
Shields        | 1 2 |  2.8
Unarmed Combat | 1 2 |  2.8
Evocations     | 1 2 |  2.8
Short Blades   | 3 |  3.9
Conjurations   | 1 2 |  2.3
Summonings     | 1 2 |  2.3
Necromancy     | 1 2 |  2.3
Translocations | 1 2 |  2.3
Fire Magic     | 1 2 |  2.3
Ice Magic      | 1 2 |  2.3
Air Magic      | 1 2 |  2.3
Earth Magic    | 1 2 |  2.3
Alchemy        | 1 2 |  2.3
Shapeshifting  | 1 2 |  2.5
Dodging        | 5 |  5.4
Hexes          | |  5.9

Action                     |  1- 3 |  4- 6 |  7- 9 || total
---------------------------+-------+-------+-------++-------
  Melee: Dagger            |    53 |    91 |    38 ||   182
         Bite              |     1 |    11 |     3 ||    15
         Punch             |       |       |     1 ||     1
   Cast: Ensorcelled Hiber |    13 |    59 |    22 ||    94
    Use: Potion            |       |     1 |     2 ||     3
   Stab: Sleeping          |    21 |    48 |    19 ||    88
 Armour: Robe              |    29 |    33 |    20 ||    82
  Dodge: Dodged            |    25 |    79 |    24 ||   128
